 Dungeon Crawl Stone Soup version 0.31-a0-881-ge136f0c47a (webtiles) character file.

Game seed: 8002783926199688441

105 jlumianski the Grave Robber (level 4, -6/33 HPs)
             Began as a Ghoul Necromancer on Oct 16, 2023.
             Mangled by a gnoll
             ... wielding a +0 halberd
              (12 damage)
             ... on level 4 of the Dungeon.
             The game lasted 00:30:01 (2912 turns).

jlumianski the Grave Robber (Ghoul Necromancer)     Turns: 2912, Time: 00:30:01

Health: -6/33      AC:  3    Str: 11    XL:     4   Next: 81%
Magic:  1/6        EV: 12    Int: 12    God:
Gold:   146        SH:  0    Dex:  9    Spells: 3/7 levels left

rFire   . .          .
                       - Unarmed
rCold   + . .        (no shield)
rNeg    + + +        a - +1 robe
rPois   ∞            (no helmet)
rElec   .            (no cloak)
rCorr   +            (no gloves)
SInv    .            (no boots)
Will    .....        (no amulet)
Stlth   ++           g - ring of resist corrosion
HPRegen 0.00/turn    (no ring)
MPRegen 0.10/turn

%: no passive effects
@: inhibited regen
A: claws 1, cold resistance 1, negative energy resistance 3, inhibited
regeneration, torment resistance 2, devour on kill
a: no special abilities


You were on level 4 of the Dungeon.
You visited 1 branch of the dungeon, and saw 5 of its levels.

You collected 146 gold pieces.

Inventory:

Missiles
 c - 5 poisoned darts
 i - 5 boomerangs
 k - 2 javelins
Armour
 a - a +1 robe (worn)
Jewellery
 g - a ring of resist corrosion (left claw)
Scrolls
 f - 2 scrolls of teleportation {unknown}
Potions
 b - a potion of magic
 d - a potion of haste
 e - a potion of curing {unknown}
 o - a potion of heal wounds {unknown}


   Skills:
 + Level 0.1 Fighting
 + Level 2.0 Dodging
 + Level 2.6 Stealth
 * Level 2.5 Unarmed Combat
 + Level 2.2 Spellcasting
 + Level 4.7 Necromancy


You had 3 spell levels left.
You knew the following spells:

 Your Spells              Type           Power      Damage    Failure   Level
a - Necrotise             Necr           48%        1d6       3%          1
b - Vampiric Draining     Necr           12%        2d6       11%         3

Your spell library contained the following spells:

 Spells                   Type           Power      Damage    Failure   Level
 Sting                    Tmut/Pois      4%         1d3       26%         1
 Poisonous Vapours        Pois/Air       2%         N/A       38%         2
 Frozen Ramparts          Ice            2%         1d1       63%         3
 Animate Dead             Necr           12%        N/A       36%         4
 Agony                    Necr           12%        N/A       71%         5
 Olgreb's Toxic Radiance  Pois           1%         N/A       95%         4
 Petrify                  Tmut/Erth      1%         N/A       95%         4
 Metabolic Englaciation   Hex/Ice        0%         N/A       100%        5


Dungeon Overview and Level Annotations

Branches:
Dungeon (5/15)
 Temple: D:4-7

Altars:


Innate Abilities, Weirdness & Mutations

You are immune to poison.
You have sharp fingernails.
Your flesh is cold resistant. (rC+)
You are immune to negative energy. (rN+++)
You do not regenerate when monsters are visible.
You are immune to unholy pain and torment.
You thrive by killing the living.


Message History

The gnoll hits you from afar with a +0 halberd.
The gnoll barely misses you.
The gnoll hits you from afar with a +0 halberd!
* * * LOW HITPOINT WARNING * * *
You see here 14 gold pieces.
Casting: Necrotise (safe; 3% risk of failure)
Confirm with . or Enter, or press ? or * to list all spells.
Okay, then.
Casting: Necrotise (safe; 3% risk of failure)
Confirm with . or Enter, or press ? or * to list all spells.
Aiming: Vampiric Draining (quite dangerous; 11% risk of failure)
Press: ? - help, Shift-Dir - straight line, f - gnoll
Aim: a gnoll, wielding a +0 halberd Out of range.
Okay, then.
The gnoll barely misses you.
Casting: Vampiric Draining (quite dangerous; 11% risk of failure)
Confirm with . or Enter, or press ? or * to list all spells.
Aiming: Vampiric Draining (quite dangerous; 11% risk of failure)
Press: ? - help, Shift-Dir - straight line, f - gnoll
Aim: a gnoll, wielding a +0 halberd You draw life force from the gnoll!
You feel life coursing into your body. The gnoll hits you with a +0 halberd.
* * * LOW HITPOINT WARNING * * *
Press: ? - help, v - describe, . - travel
Here: a gnoll, wielding a +0 halberd (almost dead)
The floor.
Casting: Vampiric Draining (quite dangerous; 11% risk of failure)
Confirm with . or Enter, or press ? or * to list all spells.
Aiming: Necrotise (safe; 3% risk of failure)
Press: ? - help, Shift-Dir - straight line, f/p - gnoll
Aim: a gnoll, wielding a +0 halberd (almost dead, chance to affect: 75%)
The gnoll struggles to resist.
The gnoll barely misses you.
Casting: Necrotise (safe; 3% risk of failure)
Confirm with . or Enter, or press ? or * to list all spells.
Aiming: Necrotise (safe; 3% risk of failure)
Press: ? - help, Shift-Dir - straight line, f/p - gnoll
Aim: a gnoll, wielding a +0 halberd (almost dead, chance to affect: 75%)
The gnoll writhes in agony.
The gnoll hits you with a +0 halberd!
You die...

#......#### #.........#
#### #.#.......# ##...
#.#.......# ###..#
#)#.............#
#.############..####
#.##########.......###+
#..........'..$........
######.#####.g@.....###
#.#P.PP.P.P...##
#...#..#..#P.##
##.≈≈≈≈≈≈≈≈≈≈≈≈
...............
##≈≈≈≈≈≈≈≈≈≈≈≈≈.
#P#PP#.g#P.##≈≈
.PPP....P. #≈ ######


You could see 2 gnolls.

Vanquished Creatures
  A gnoll (D:4)
  3 adders
  A worm (D:2)
  2 dart slugs
  4 orcs (D:1)
  2 ball pythons (D:1)
  5 endoplasms
  2 giant cockroaches
  2 goblins
  5 hobgoblins
  3 jackals (D:1)
  3 quokkas
  5 bats (D:1)
  6 frilled lizards
  5 kobolds
  3 rats
52 creatures vanquished.

Vanquished Creatures (collateral kills)
  A hobgoblin (D:1)
  A jackal (D:1)
  A ball python (D:1)
3 creatures vanquished.

Grand Total: 55 creatures vanquished

Notes
Turn   | Place    | Note
-------+----------+-------------------------------------------
     0 | D:1      | jlumianski the Ghoul Necromancer began the quest for the
                  | Orb.
     0 | D:1      | Reached XP level 1. HP: 14/14 MP: 2/2
   147 | D:1      | Reached XP level 2. HP: 19/20 MP: 2/4
   430 | D:1      | Reached skill level 1 in Unarmed Combat
   460 | D:1      | Reached XP level 3. HP: 17/26 MP: 3/5
   638 | D:2      | Found a faded altar of an unknown god.
  1264 | D:1      | Learned a level 3 spell: Vampiric Draining
  1604 | D:2      | Reached XP level 4. HP: 31/33 MP: 2/6
  2824 | D:5      | Entered Level 5 of the Dungeon
  2912 | D:4      | Mangled by a gnoll

Illustrated notes

Levels and vault maps discovered:
D:1:      saegor_arrival_simple_e, layout_rooms, minmay_misc_feat_roman
D:2:      layout_loops_corners, shapermc_ecumenical_altar_flowoftime,
          corexii_leaking_fountain
D:3:      layout_loops_ring
D:4:      layout_basic, nicolae_elyvilon_temple_path, nemelex_dance_club_becter,
          nicolae_wu_jian_wuxing_cycle, serial_glass, glass_columns_c,
          glass_columns_a, gup_sewer_entry_pipe, nicolae_wooded_promenade,
          kennysheep_generic_room_12
D:5:      minmay_evil_eye, layout_loops_ring

Skill      XL: |  1  2  3  4 |
---------------+-------------+-----
Spellcasting   | 2 |  2.2
Unarmed Combat | 1 2 |  2.5
Dodging        | 2 |  2.0
Fighting       | |  0.1
Stealth        | |  2.6
Necromancy     | |  4.7

Action                     |  1- 3 |  4- 6 || total
---------------------------+-------+-------++-------
  Melee: Unarmed           |   127 |    25 ||   152
         Punch             |     2 |       ||     2
   Cast: Necrotise         |    40 |     8 ||    48
         Vampiric Draining |       |     2 ||     2
    Use: Potion            |     1 |       ||     1
         Scroll            |       |     7 ||     7
   Stab: Sleeping          |     3 |     2 ||     5
 Armour: Robe              |    80 |    19 ||    99
  Dodge: Dodged            |    97 |    19 ||   116

Table legend: (Time is in decaauts)
 A = Elapsed time spent in this place.
 B = Non-inter-level travel time spent in this place.
 C = Inter-level travel time spent in this place.
 D = Time resting spent in this place.
 E = Time spent auto-exploring this place.
 F = Levels seen in this place.
 G = Mean time per level.
                   A        B        C        D        E       F      G
               +--------+--------+--------+--------+--------+-----+--------+
         Total |   2900 |   2900 |      0 |    431 |   1185 |   5 |  580.0 |
       Dungeon |   2900 |   2900 |      0 |    431 |   1185 |   5 |  580.0 |
               +--------+--------+--------+--------+--------+-----+--------+

Top non-repeatable levels by time:
     D:1: 1187 daAuts
     D:2: 1183 daAuts
     D:3: 282 daAuts
     D:4: 240 daAuts
     D:5: 5 daAuts
